 Dungeon Crawl Stone Soup version 0.25.1-3-ge44b62a0b3 (webtiles) character file.

Game seed: 13668979036587707331

1099 Virtue the Shield-Bearer (level 8, -1/49 HPs)
             Began as a Gargoyle Fighter on Nov 19, 2020.
             Was an Initiate of Wu Jian.
             Slain by an orc warrior
             ... wielding a +0 scimitar
             ... created by the fury of Okawaru
              (8 damage)
             ... on level 6 of the Dungeon on Nov 20, 2020.
             The game lasted 00:34:23 (5625 turns).

Virtue the Shield-Bearer (Gargoyle Fighter)         Turns: 5625, Time: 00:34:23

Health: -1/49      AC: 15    Str: 21    XL:     8   Next: 32%
Magic:  8/8        EV: 12    Int: 10    God:    Wu Jian [......]
Gold:   508        SH: 16    Dex:  9    Spells: 7/7 levels left

rFire    . . .     SeeInvis .   a - +0 trident
rCold    . . .     Gourm    .   c - +1 kite shield
rNeg     + . .     Faith    .   b - +0 scale mail
rPois    ∞         Spirit   .   h - +0 helmet
rElec    +         Reflect  +   K - scarf {+Inv}
rCorr    .         Harm     .   B - +0 pair of gloves
MR       +....                  (no boots)
Stlth    ..........             f - amulet of reflection
HPRegen  0.16/turn              D - ring of protection from magic
MPRegen  0.11/turn              o - +4 ring of evasion

@: no status effects
A: negative energy resistance 1, electricity resistance, unbreathing,
petrification resistance, rot immunity, AC +5
a: Renounce Religion, Evoke Invisibility


You were on level 6 of the Dungeon.
You worshipped Wu Jian.
Wu Jian was noncommittal.
You were not hungry.

You visited 2 branches of the dungeon, and saw 7 of its levels.

You collected 508 gold pieces.

Inventory:

Hand Weapons
 a - a +0 trident (weapon)
 l - a +1 vampiric short sword
 n - a +0 spear
 s - a +0 flail
 y - a +0 flail
 I - a +2 flail of protection
 N - a +2 glaive of pain
Missiles
 e - 105 arrows
 u - 31 sling bullets
 M - 13 poisoned darts (quivered)
Armour
 b - a +0 scale mail (worn)
 c - a +1 kite shield (worn)
 h - a +0 helmet (worn)
 j - a +0 helmet
 k - a +0 centaur barding
 p - a +0 ring mail
 q - a +0 leather armour
 t - a +0 chain mail
 B - a +0 pair of gloves (worn)
 H - a +0 tower shield
 J - a +0 scale mail
 K - a scarf of invisibility (worn)
Jewellery
 f - an amulet of reflection (around neck)
 o - a +4 ring of evasion (right hand)
 C - a cursed -4 ring of strength {unknown}
 D - a ring of protection from magic (left hand)
Wands
 O - a wand of acid (14)
Scrolls
 g - a scroll of enchant armour
 m - a scroll of magic mapping
 r - a scroll of blinking
 x - 3 scrolls of teleportation
 E - a scroll of noise {unknown}
 F - 3 scrolls of remove curse {unknown}
 G - 3 scrolls of fear {unknown}
 L - a scroll of amnesia {unknown}
 P - a scroll of identify
Potions
 d - 2 potions of might
 i - a potion of resistance {unknown}
 v - 3 potions of curing
 z - a potion of flight
 A - 2 potions of degeneration {unknown}
Comestibles
 w - 3 rations


   Skills:
 * Level 5.2 Fighting
 * Level 5.8 Polearms
 + Level 4.4 Armour
 + Level 1.3 Dodging
 + Level 1.3 Stealth
 * Level 6.4 Shields


You had 7 spell levels left.
You didn't know any spells.
Your spell library was empty.

Dungeon Overview and Level Annotations

Branches:
Dungeon (6/15)             Temple (1/1) D:5

Altars:
Ashenzari
Cheibriados
Elyvilon
Fedhas
Kikubaaqudgha
Nemelex Xobeh
Okawaru
Qazlal
Ru
Sif Muna
Uskayaw
Vehumet
Wu Jian
Yredelemnul
The Shining One


Innate Abilities, Weirdness & Mutations

You are resistant to torment.
Your stone body is resilient. (AC +5)
You are immune to poison.
You resist negative energy. (rN+)
You are resistant to electric shocks. (rElec)
You can survive without breathing.
You are immune to petrification.
You are immune to rotting.


Message History

You eat one of the 4 rations.
That ration really hit the spot!
Okawaru sends forces against you! 5 orcs, 2 orc warriors and an orc knight come into view.
The orc shouts! x3; The orc warrior shouts!
You block the orc knight's attack. The orc warrior closely misses you.
You block the orc warrior's attack.
The orc knight roars a battlecry!
The orcs go into a battle-frenzy!
The orc hits you but does no damage. You block the orc warrior's attack.
The orc knight hits you with a +0 battleaxe.
You block the orc warrior's attack. You block the orc's attack. x2
The orc barely misses you. The orc warrior misses you.
You block the orc warrior's attack.
The orc knight hits you with a +0 battleaxe!
* * * LOW HITPOINT WARNING * * *
You block the orc's attack. x3
The orc warrior hits you with a +0 scimitar!
You die...

..##...#
......#
#....# .
#....# ..
#....#
#.####...<#
###........o#
.......'.ooo#
...$...#.oo@#
####+###..oo#
######


You could see an orc knight, 2 orc warriors and 5 orcs.

Vanquished Creatures
  Edmund (D:5)
  A phantom (D:5)
  6 big kobolds (D:4)
  A hound (D:2)
  Ijyb (D:3)
  Natasha (thrice) (D:3)
  Terence (D:2)
  3 worker ants
  A hound skeleton (D:4)
  A mummy (D:4)
  A worker ant zombie (D:5)
  2 gnolls (D:4)
  4 adders
  An ooze (D:1)
  An adder skeleton (D:3)
  5 worms
  2 dart slugs
  4 leopard geckos
  2 orcs
  20 bats
  2 giant cockroaches
  10 hobgoblins
  A quokka (D:5)
  A ball python (D:3)
  3 frilled lizards
  3 goblins
  A hobgoblin zombie (D:4)
  A jackal skeleton (D:5)
  45 kobolds
  3 kobold zombies (D:4)
  11 rats
142 creatures vanquished.

Notes
Turn   | Place    | Note
-------+----------+-------------------------------------------
     0 | D:1      | Virtue the Gargoyle Fighter began the quest for the Orb.
     0 | D:1      | Reached XP level 1. HP: 14/14 MP: 1/1
   205 | D:1      | Reached XP level 2. HP: 14/20 MP: 2/2
   211 | D:1      | Upgraded the game from 0.25.1-2-g60ff931df9 to
                  | 0.25.1-3-ge44b62a0b3
   401 | D:1      | Reached XP level 3. HP: 23/24 MP: 3/3
  1021 | D:2      | Reached XP level 4. HP: 25/29 MP: 4/4
  1073 | D:2      | Found a faded altar of an unknown god.
  1379 | D:2      | Noticed Terence
  1386 | D:2      | Killed Terence
  1386 | D:2      | Reached skill level 4 in Shields
  1595 | D:2      | Reached XP level 5. HP: 30/33 MP: 5/5
  2140 | D:3      | Found a radiant altar of Vehumet.
  2207 | D:3      | Found a snail-covered altar of Cheibriados.
  2338 | D:3      | Noticed Natasha
  2363 | D:3      | Killed Natasha
  2677 | D:3      | Noticed Ijyb
  2722 | D:3      | Killed Ijyb
  2722 | D:3      | Reached XP level 6. HP: 27/39 MP: 6/6
  2889 | D:3      | Noticed Natasha
  2895 | D:3      | Killed Natasha
  2895 | D:3      | Reached skill level 1 in Stealth
  2920 | D:3      | Noticed Natasha
  2925 | D:3      | Killed Natasha
  3005 | D:4      | Found an iron altar of Okawaru.
  3010 | D:4      | Became a worshipper of Warmaster Okawaru
  3339 | D:4      | Reached skill level 5 in Shields
  3365 | D:4      | Reached XP level 7. HP: 44/44 MP: 7/7
  3378 | D:4      | Reached * piety under Okawaru
  3378 | D:4      | Reached skill level 1 in Dodging
  3667 | D:4      | Reached skill level 5 in Polearms
  3691 | D:4      | Reached skill level 5 in Fighting
  4051 | D:4      | Reached XP level 8. HP: 49/49 MP: 8/8
  4435 | D:5      | Entered Level 5 of the Dungeon
  4532 | D:5      | Found a staircase to the Ecumenical Temple.
  4549 | Temple   | Entered the Ecumenical Temple
  4688 | Temple   | Fell from the grace of Okawaru
  4688 | Temple   | Became a worshipper of the Wu Jian Council
  4951 | D:5      | Noticed Edmund
  4993 | D:5      | Killed Edmund
  4993 | D:5      | Reached skill level 6 in Shields
  5516 | D:5      | Noticed a merfolk javelineer
  5516 | D:5      | Noticed a merfolk
  5516 | D:5      | Noticed a merfolk
  5516 | D:5      | Noticed a merfolk
  5516 | D:5      | Noticed a merfolk
  5619 | D:6      | Noticed an orc knight
  5625 | D:6      | Slain by an orc warrior

Illustrated notes

Levels and vault maps discovered:
D:1:      evilmike_arrival_fibonacci_small, layout_loops_ring
D:2:      wander_river, layout_loops_corners,
          chequers_ecumenical_altar_simple_redux, minmay_statues_item,
          uniq_terence
D:3:      layout_basic, marbit_many_paths, cheibriados_altar_1, uniq_natasha,
          uniq_ijyb
D:4:      minmay_goblin_kobold_castle, layout_cave_pools, okawaru_trees_2,
          st_stairs_13, minmay_mini_ossuary
D:5:      layout_loops_ring, minmay_temple_entry_glassed_door, first_ration,
          uniq_edmund
D:6:      layout_gridville, grunt_temple_overflow_gold_and_silver,
          lemuel_round_altar, nicolae_overflow_crystal_walls, sigmund_army
Temple:   minmay_temple_forest_path

Skill      XL: |  1  2  3  4  5  6  7  8 |
---------------+-------------------------+-----
Polearms       | 2 3 4 5 |  5.8
Fighting       | 4 5 |  5.2
Shields        | 4 5 6 |  6.4
Stealth        | 1 |  1.3
Armour         | 4 |  4.4
Dodging        | 1 |  1.3

Action                   |  1- 3 |  4- 6 |  7- 9 || total
-------------------------+-------+-------+-------++-------
Melee: Trident           |    64 |   267 |   282 ||   613
Throw: Boomerang         |    35 |    95 |     1 ||   131
       Dart              |       |     7 |       ||     7
       Throwing net      |       |     4 |       ||     4
Invok: Lunge             |       |       |     5 ||     5
  Use: Potion            |     3 |     1 |     2 ||     6
       Scroll            |     1 |     6 |     2 ||     9
  Eat: Ration            |       |     2 |     3 ||     5
       Chunk             |       |     2 |       ||     2
Armor: Scale mail        |    59 |   151 |   134 ||   344
Dodge: Dodged            |    25 |    75 |    94 ||   194
Block: Kite shield       |    41 |   177 |   218 ||   436
